 Dungeon Crawl Stone Soup version 0.29.1-14-g9c671dbff4 (webtiles) character file.

Game seed: 11775006683295723310

1489 leafyfresh the Covert (level 8, 0/54 HPs)
             Began as an Octopode Delver on Feb 14, 2023.
             Was a Believer of Ashenzari.
             Engulfed by a steam dragon's steam (9 damage)
             ... on level 6 of the Dungeon on Feb 15, 2023.
             The game lasted 00:16:20 (8679 turns).

leafyfresh the Covert (Octopode Delver)             Turns: 8679, Time: 00:16:20

Health: 0/54       AC:  5    Str: 12    XL:     8   Next: 80%
Magic:  11/11      EV: 14    Int: 20    God:    Ashenzari [**....]
Gold:   244        SH:  0    Dex: 13    Spells: 6/11 levels left

rFire   x . .      SeeInvis +   p - +0 dagger of Supernal Understanding {freeze, Evo, Melee} (curse)
rCold   + . .      Faith    .   (no shield)
rNeg    . . .      Spirit   .   (helmet restricted)
rPois   .          Reflect  .   (no amulet)
rElec   .          Harm     .   m - ring of Ashenzari's Repose {rCorr, Range, Comp} (curse)
rCorr   +          Rampage  .   n - ring "Esoteric Nihilism" {Int+6, Range, Alch} (curse)
Will    .....                   A - ring of the Fated Ennui {AC+4, Melee, Bglg} (curse)
Stlth   +++++++...              C - ring of the Circumscribed Sage {Ice, Fort, Alch} (curse)
HPRegen 0.18/turn               (no ring)
MPRegen 0.12/turn               (no ring)
                                (no ring)
                                (no ring)

@: no status effects
A: almost no armour, amphibious, 8 rings, camouflage 1, gelatinous body 1,
nimble swimmer 1, tentacles
a: Renounce Religion, Curse Item, Shatter the Chains


You were on level 6 of the Dungeon.
You worshipped Ashenzari.
Ashenzari was pleased with you.
You visited 2 branches of the dungeon, and saw 7 of its levels.

You collected 363 gold pieces.
You spent 119 gold pieces at shops.

Inventory:

Hand Weapons
 p - the cursed +0 dagger of Supernal Understanding (weapon) {freeze, Evo, Melee}
   (You found it on level 4 of the Dungeon)

   It freezes those it strikes, dealing additional cold damage.
   It can also slow down cold-blooded creatures.
   It has a curse which improves the following skills: Evocations: Evocations.
   Melee Combat: Short Blades, Long Blades, Axes, Maces & Flails, Polearms,
   Staves and Unarmed Combat.
 s - the +0 dagger of the Shallot {pain, Fly}
   (You bought it in a shop on level 2 of the Dungeon)

   In the hands of one skilled in necromantic magic, it inflicts extra damage on
   living creatures.
   Fly:       It grants you flight.
 u - a +0 giant spiked club
 v - a +2 quarterstaff of chaos
 w - a +2 spectral club
 D - a +1 flail of protection
 E - a +2 short sword of speed
Missiles
 a - 3 boomerangs of dispersal
 o - 3 throwing nets (quivered)
Jewellery
 k - a ring of fire
 m - the cursed ring of Ashenzari's Repose (left tentacle) {rCorr, Range, Comp}
   (You found it on level 4 of the Dungeon)

   [ring of resist corrosion]

   rCorr:     It protects you from acid and corrosion.
   It has a curse which improves the following skills: Ranged Combat: Ranged
   Weapons and Throwing.
   Companions: Summonings and Necromancy.
 n - the cursed ring "Esoteric Nihilism" (right tentacle) {Int+6, Range, Alch}
   (You found it on level 4 of the Dungeon)

   [ring of intelligence]

   Int:       It affects your intelligence (+6).
   It has a curse which improves the following skills: Ranged Combat: Ranged
   Weapons and Throwing.
   Alchemy:   Poison Magic and Transmutations.
 A - the cursed ring of the Fated Ennui (on tentacle) {AC+4, Melee, Bglg}
   (You found it on level 1 of the Dungeon)

   [ring of protection]

   AC:        It affects your AC (+4).
   It has a curse which improves the following skills: Melee Combat: Short
   Blades, Long Blades, Axes, Maces & Flails, Polearms, Staves and Unarmed
   Combat.
   Beguiling: Conjurations, Hexes and Translocations.
 C - the cursed ring of the Circumscribed Sage (on tentacle) {Ice, Fort, Alch}
   (You found it on level 5 of the Dungeon)

   [ring of ice]

   It enhances your ice magic.
   rF:        It makes you vulnerable to fire.
   rC:        It protects you from cold.
   It has a curse which improves the following skills: Fortitude: Shields.
   Alchemy:   Poison Magic and Transmutations.
Wands
 f - a wand of digging (3)
 G - a wand of polymorph (8)
Scrolls
 b - 2 scrolls of fog
 c - a scroll of magic mapping
 g - 3 scrolls of teleportation
 i - a scroll of vulnerability
 j - 2 scrolls of immolation
 l - 6 scrolls of identify
 y - a scroll of blinking
 H - a scroll of poison
Potions
 d - 2 potions of attraction
 e - a potion of haste
 h - a potion of resistance
 q - 2 potions of heal wounds
 r - a potion of degeneration
 t - a potion of invisibility
 x - a potion of cancellation
 z - 3 potions of might
 B - a potion of brilliance
 F - a potion of curing


   Skills:
 - Level 3.8 Fighting
 + Level 4.0(5.8) Short Blades
 - Level 3.1 Dodging
 - Level 14.1 Stealth
 + Level 2.1 Spellcasting


You had 6 spell levels left.
You knew the following spells:

 Your Spells              Type           Power      Damage    Failure   Level
a - Passwall              Tmut/Erth      1%         N/A       22%         2
b - Slow                  Hex            8%         N/A       14%         1
c - Ensorcelled Hibernat  Hex/Ice        6%         N/A       22%         2

Your spell library contained the following spells:

 Spells                   Type           Power      Damage    Failure   Level
 Freeze                   Ice            12%        1d4       16%         1
 Sandblast                Erth           4%         2d4       16%         1
 Poisonous Vapours        Pois/Air       4%         N/A       22%         2
 Spider Form              Tmut/Pois      3%         N/A       38%         3
 Confusing Touch          Hex            2%         N/A       41%         3
 Stone Arrow              Conj/Erth      4%         3d7       41%         3
 Vampiric Draining        Necr           2%         2d6       41%         3
 Frozen Ramparts          Ice            6%         1d1       43%         3
 Swiftness                Air            2%         N/A       43%         3
 Anguish                  Hex/Necr       1%         N/A       82%         4
 Corpse Rot               Necr/Pois/Air  2%         N/A       83%         4
 Hailstorm                Conj/Ice       3%         3d3       83%         4


Dungeon Overview and Level Annotations

Branches:
Dungeon (6/15)             Temple (1/1) D:4

Altars:
Ashenzari
Elyvilon
Fedhas
Gozag
Kikubaaqudgha
Makhleb
Okawaru
Qazlal
Ru
Sif Muna
Trog
Vehumet
Zin

Shops:
D:1 ((:   D:2 *


Innate Abilities, Weirdness & Mutations

You cannot wear most types of armour.
You are amphibious.
You can wear up to eight rings at the same time.
Your skin changes colour to match your surroundings (Stealth+).
Your rubbery body absorbs attacks. (AC +1, EV +1)
You are camouflaged when in or above water. (Stealth+)
You have tentacles for arms and can constrict up to eight enemies at once.


Message History

The ogre is heavily wounded.
The ogre barely misses you.
You hit the ogre but do no damage.
The ogre is heavily wounded.
You completely miss the ogre.
The ogre is heavily wounded.
The ogre barely misses you.
You hit the ogre. You freeze the ogre.
The ogre is severely wounded.
You hit the ogre. You freeze the ogre. You squeeze the ogre.
You kill the ogre!
You hear a splash.
Your base Short Blades skill increases to level 4!
Your Spellcasting skill increases to level 2!
Things that are here:
a +0 giant spiked club; an ogre corpse
u - a +0 giant spiked club Unknown command.
Key pressed, stopping explore.
No target in view!
Magic restored.
Key pressed, stopping explore.
No target in view!
HP restored.
G - a wand of polymorph (8) No target in view!
A steam dragon comes into view.
The steam dragon breathes steam at you. The ball of steam hits you!
The steam scalds you terribly!
Unknown command.
The steam dragon breathes steam at you. The ball of steam misses you.
You see here a scroll of poison.
H - a scroll of poison The steam dragon breathes steam at you.
The ball of steam hits you!! The steam scalds you terribly!
Ouch! That really hurt!
* * * LOW HITPOINT WARNING * * *
You are engulfed in a cloud of scalding steam.
You die...

.............##.≈≈≈≈~~~≈≈≈≈#≈.##.
......#####..##~~≈≈≈~~≈≈≈≈≈~≈~##.
....## #..#≈≈≈~~~≈~~[~#.~≈≈≈#.
...# ##..~≈≈...~...~~~.~≈~#. ..#*
##...≈≈.....<....)~~... ..#
##...~~≈~⌠~~...~~..#~#.. ..#
###....~#≈~≈≈≈~~~≈≈~#~~~.. ..#
###.......#≈≈≈≈≈≈#~≈≈≈#~~...
..####.........§@~≈≈#≈≈~≈≈≈≈#†...
.............§§§##~≈≈≈~~≈≈≈#≈....
..........D§§....~~~≈~~≈≈~~~.....
...................~~~~~~~.......
........####........~~.~~........
......### #......................
.....## ##........#.........##..
......## #.........###......##...
.......###........## ###....##...


There were no monsters in sight!

Vanquished Creatures
  A steam dragon (D:6)
  An orc warrior (D:6)
  2 black bears (D:5)
  An ogre (D:6)
  2 bullfrogs
  A scorpion (D:5)
  3 electric eels (D:6)
  4 hounds
  An orc priest (D:6)
  A jelly (D:5)
  Crazy Yiuf (D:3)
  Jessica (D:3)
  2 iguanas (D:6)
  5 orc wizards
  11 gnolls
  9 adders
  A white imp (D:6)
  An ufetubus (D:6)
  2 worms (D:2)
  6 dart slugs
  7 orcs
  7 ball pythons
  7 bats
  5 endoplasms
  3 giant cockroaches
  6 hobgoblins
  2 jackals (D:1)
  6 kobolds
  3 quokkas
  8 frilled lizards
  5 goblins
  4 rats
119 creatures vanquished.

Notes
Turn   | Place    | Note
-------+----------+-------------------------------------------
     0 | D:5      | leafyfresh the Octopode Delver began the quest for the Orb.
     0 | D:5      | Reached XP level 1. HP: 16/16 MP: 1/1
    16 | D:5      | Identified the +1 robe "Ozinaeb" {Fly rPois Will- Int-2}
   126 | D:5      | Noticed a scorpion
   130 | D:5      | Killed a scorpion
   131 | D:5      | Reached skill level 7 in Stealth
   131 | D:5      | Reached XP level 2. HP: 21/21 MP: 2/2
   131 | D:5      | Reached XP level 3. HP: 26/26 MP: 3/3
   131 | D:5      | Reached XP level 4. HP: 31/31 MP: 4/4
   186 | D:4      | Noticed a bullfrog
   194 | D:4      | Killed a bullfrog
   195 | D:4      | Reached XP level 5. HP: 24/37 MP: 5/5
   415 | D:4      | Found a staircase to the Ecumenical Temple.
   426 | Temple   | Entered the Ecumenical Temple
   443 | Temple   | Became a worshipper of Ashenzari the Shackled
   543 | D:4      | Reached skill level 8 in Stealth
   816 | D:4      | Reached XP level 6. HP: 29/43 MP: 6/6
  1573 | D:2      | Reached skill level 9 in Stealth
  2035 | D:2      | Found Vaikhlifoh's Assorted Antiques.
  2079 | D:2      | Bought a translucent dagger for 119 gold pieces
  2079 | D:2      | Identified the +0 dagger of the Shallot {pain, Fly} (You
                  | bought it in a shop on level 2 of the Dungeon)
  2257 | D:3      | Found a runed translucent door.
  2258 | D:3      | Noticed Crazy Yiuf
  2643 | D:3      | Reached * piety under Ashenzari
  2646 | D:3      | Killed Crazy Yiuf
  3707 | D:3      | Noticed Jessica
  3946 | D:2      | Learned a level 2 spell: Passwall
  3948 | D:2      | Learned a level 1 spell: Slow
  4143 | D:2      | Reached skill level 10 in Stealth
  4326 | D:3      | Killed Jessica
  4327 | D:3      | Reached XP level 7. HP: 13/47 MP: 7/7
  4990 | D:1      | Found Cedghy's Weapon Emporium.
  5039 | D:1      | Found Raamnorekh's Weapon Shoppe.
  5054 | D:1      | Found a faded altar of an unknown god.
  5261 | D:1      | Found Tapial's Book Emporium.
  5708 | D:5      | Reached skill level 11 in Stealth
  5746 | D:5      | Reached ** piety under Ashenzari
  5774 | D:5      | Found a shimmering blue altar of Sif Muna.
  5774 | D:5      | Found a glowing silver altar of Zin.
  5777 | D:5      | Found a white marble altar of Elyvilon.
  5777 | D:5      | Found a sacrificial altar of Ru.
  6139 | D:5      | Reached skill level 12 in Stealth
  6714 | D:5      | Reached XP level 8. HP: 42/54 MP: 8/8
  6787 | D:6      | Reached skill level 13 in Stealth
  7257 | D:6      | HP: 1/54 [orc warrior/+0 trident (9)]
  7674 | D:6      | Reached skill level 14 in Stealth
  7677 | D:6      | Learned a level 2 spell: Ensorcelled Hibernation
  7824 | D:6      | Reached skill level 1 in Spellcasting
  8679 | D:6      | Engulfed by a steam dragon's steam

Illustrated notes

Levels and vault maps discovered:
D:1:      lordsloth_arrival_two_stooges, layout_basic, serial_shops,
          nicolae_shop_bloodbath_and_beyond, shop, shop,
          dreamdust_ecumenical_altar_grove, minmay_lizard_pond
D:2:      layout_basic, serial_shops, shop_statue
D:3:      layout_basic, portal_sewer_entry_d, skrybe_limestone_x,
          uniq_crazy_yiuf_cottage, uniq_jessica
D:4:      layout_loops_ring, minmay_temple_entry_waves, dk_noncrumbling_4
D:5:      layout_gridville, mainiacjoe_overflow_alcove_3
D:6:      kennysheep_slugbush, layout_layer_cave
Temple:   zaba_magenta_temple

Skill      XL: |  1  2  3  4  5  6  7  8 |
---------------+-------------------------+-----
Stealth        | 7 8 10 12 14 | 14.1
Short Blades   | 3 4 |  4.0
Dodging        | 3 |  3.1
Spellcasting   | 2 |  2.1
Fighting       | |  3.8

Action                   |  1- 3 |  4- 6 |  7- 9 || total
-------------------------+-------+-------+-------++-------
Melee: Short sword       |     1 |     7 |       ||     8
       Tentacles         |     1 |    32 |    32 ||    65
       Constrict         |       |    34 |    22 ||    56
       Punch             |       |     2 |     4 ||     6
       Dagger            |       |   135 |   146 ||   281
Throw: Throwing net      |       |       |     1 ||     1
Invok: Curse Item        |       |     2 |     3 ||     5
  Use: Scroll            |       |     3 |     1 ||     4
       Potion            |       |     2 |     1 ||     3
 Stab: Sleeping          |     1 |    16 |    24 ||    41
       Distracted        |       |     1 |     1 ||     2
       Held in net/web   |       |       |     1 ||     1
Armor: Skin              |       |     4 |    25 ||    29
Dodge: Dodged            |       |    79 |    99 ||   178
